 Dungeon Sprint DCSS version 0.30-a0-772-g5528072125 (webtiles) character file.

Game seed: 7701199875700543038

2896 rocky1 the Warrior (level 9, -1/119 HPs)
             Began as an Ogre Gladiator on Feb 13, 2023.
             Was an Initiate of Gozag.
             Slain by a centaur warrior (10 damage)
             ... in the Dungeon (Sprint IX: "|||||||||||||||||||||||||||||").
             The game lasted 00:02:34 (479 turns).

rocky1 the Warrior (Ogre Gladiator)                  Turns: 479, Time: 00:02:35

Health: -1/119     AC:  6    Str: 27    XL:     9   Next: 77%
Magic:  9/9        EV: 10    Int: 12    God:    Gozag
Gold:   384        SH:  0    Dex: 10    Spells: 8/8 levels left

rFire   . . .      SeeInvis .    n - +2 dire flail (protect)
rCold   . . .      Faith    .    (shield currently unavailable)
rNeg    . . .      Spirit   .    b - +0 robe
rPois   .          Reflect  .    c - +0 hat
rElec   .          Harm     .    (no cloak)
rCorr   .          Rampage  .    (gloves unavailable)
Will    .....      NoTele   +    (boots unavailable)
Stlth   +                        (no amulet)
HPRegen 0.39/turn                o - +3 ring of intelligence
MPRegen 0.11/turn                p - +3 ring of strength

@: corroded, gold aura, under a protective aura, hasted, very quick
A: large, unfitting armour, tough skin 1
a: Renounce Religion, Potion Petition, Call Merchant, Bribe Branch


You were in the Dungeon.
You worshipped Gozag.
Gozag was aware of your devotion.
You visited 1 branch You collected 684 gold pieces.
You paid 300 gold pieces to Gozag.

Inventory:

Hand Weapons
 a - a +0 flail
 n - a +2 dire flail of protection (weapon)
Missiles
 e - a large rock (quivered)
Armour
 b - a +0 robe (worn)
 c - a +0 hat (worn)
Jewellery
 o - a +3 ring of intelligence (left hand)
 p - a +3 ring of strength (right hand)
Wands
 m - a wand of quicksilver (7)
Scrolls
 k - 2 scrolls of blinking
 l - 2 scrolls of amnesia
Potions
 f - 5 potions of curing
 g - a potion of heal wounds
 i - 4 potions of magic
 j - a potion of invisibility


   Skills:
 + Level 16.5 Fighting
 * Level 16.5 Maces & Flails
 - Level 2.0 Throwing
 - Level 2.6 Dodging


You had 8 spell levels left.
You didn't know any spells.
Your spell library was empty.

Dungeon Overview and Level Annotations

Branches:
Dungeon (1/1)

Altars:
Cheibriados
Dithmenos
Elyvilon
Fedhas
Gozag
Hepliaklqana
Kikubaaqudgha
Makhleb
Nemelex Xobeh
Okawaru
Qazlal
Ru
Sif Muna
Trog
Uskayaw
Vehumet
Wu Jian
Xom
Yredelemnul
Zin
The Shining One
Jiyva
Lugonu


Innate Abilities, Weirdness & Mutations

You are too large for most types of armour.
You have tough skin. (AC +1)


Message History

The centaur warrior kicks you but does no damage.
You hit the centaur warrior but do no damage.
The centaur warrior is moderately wounded.
The centaur warrior hits you but does no damage.
The centaur warrior kicks you.
You barely miss the centaur warrior.
The centaur warrior is moderately wounded.
You hit the centaur warrior.
The centaur warrior is moderately wounded.
The centaur warrior hits you!
* * * LOW HITPOINT WARNING * * *
The centaur warrior kicks you.
* * * LOW HITPOINT WARNING * * *
You hit the centaur warrior.
The centaur warrior is heavily wounded.
You barely miss the centaur warrior.
The centaur warrior is heavily wounded.
The centaur warrior is distracted by your dazzling golden aura.
You strike the helpless centaur warrior from behind!
You puncture the centaur warrior!
The centaur warrior is no longer distracted by gold.
The centaur warrior is heavily wounded.
The centaur warrior hits you.
* * * LOW HITPOINT WARNING * * *
The centaur warrior kicks you.
* * * LOW HITPOINT WARNING * * *
You hit the centaur warrior but do no damage.
The centaur warrior is heavily wounded.
You completely miss the centaur warrior.
The centaur warrior is heavily wounded.
The centaur warrior hits you!
* * * LOW HITPOINT WARNING * * *
The centaur warrior barely misses you.
You hit the centaur warrior.
The centaur warrior is heavily wounded.
You hit the centaur warrior.
The centaur warrior is severely wounded.
The centaur warrior hits you!
You die...
Your body crumbles into a pile of gold.

▓+▓
▓(▓
▓.▓
▓.▓
▓c▓
▓@▓
▓$▓
▓+▓
$
▓.▓
$
▓.▓
$ $
▓.▓
$
▓.▓
$
▓.▓
▓B▓


You could see a centaur warrior.

Vanquished Creatures
  2 two-headed ogres (D)
  An ugly thing (D)
  A kobold demonologist (D)
  A tengu conjurer (D)
  A troll (D)
  A slime creature (D)
  A wraith (D)
  A yak (D)
  An ice beast (D)
  A scorpion (D)
  A hound (D)
  An orc wizard (D)
  An ufetubus (D)
  An orc (D)
  A goblin (D)
  A hobgoblin (D)
  2 jackals (D)
  A kobold (D)
20 creatures vanquished.

Notes
Turn   | Place    | Note
-------+----------+-------------------------------------------
     0 | D        | rocky1 the Ogre Gladiator began the quest for the Orb.
     0 | D        | Reached XP level 1. HP: 22/22 MP: 1/1
    55 | D        | Noticed a hound
    55 | D        | Noticed a scorpion
    55 | D        | Noticed an ice beast
    60 | D        | Reached XP level 2. HP: 32/32 MP: 2/2
    63 | D        | Killed an ice beast
    64 | D        | Reached XP level 3. HP: 29/46 MP: 3/3
    64 | D        | Reached XP level 4. HP: 34/55 MP: 4/4
    68 | D        | Killed a scorpion
    69 | D        | Reached XP level 5. HP: 23/65 MP: 5/5
   247 | D        | Found a snail-covered altar of Cheibriados.
   247 | D        | Found a shadowy altar of Dithmenos.
   247 | D        | Found a white marble altar of Elyvilon.
   247 | D        | Found a blossoming altar of Fedhas.
   247 | D        | Found an opulent altar of Gozag.
   248 | D        | Found a hazy altar of Hepliaklqana.
   249 | D        | Found a viscous altar of Jiyva.
   250 | D        | Found an ancient bone altar of Kikubaaqudgha.
   251 | D        | Found a corrupted altar of Lugonu.
   252 | D        | Found a burning altar of Makhleb.
   253 | D        | Found a sparkling altar of Nemelex Xobeh.
   254 | D        | Found an iron altar of Okawaru.
   255 | D        | Became a worshipper of Gozag Ym Sagoz the Greedy
   256 | D        | Found a stormy altar of Qazlal.
   257 | D        | Found a sacrificial altar of Ru.
   258 | D        | Found a shimmering blue altar of Sif Muna.
   259 | D        | Found a bloodstained altar of Trog.
   260 | D        | Found a hide-covered altar of Uskayaw.
   261 | D        | Found a radiant altar of Vehumet.
   262 | D        | Found an ornate altar of the Wu Jian Council.
   263 | D        | Found a shimmering altar of Xom.
   264 | D        | Found a basalt altar of Yredelemnul.
   265 | D        | Found a glowing silver altar of Zin.
   266 | D        | Found a glowing golden altar of the Shining One.
   312 | D        | Noticed a yak
   312 | D        | Noticed a troll
   312 | D        | Noticed a two-headed ogre
   312 | D        | Noticed a two-headed ogre
   312 | D        | Noticed a kobold demonologist
   327 | D        | Killed a kobold demonologist
   328 | D        | Reached XP level 6. HP: 80/80 MP: 6/6
   328 | D        | Reached XP level 7. HP: 88/88 MP: 7/7
   333 | D        | Killed a two-headed ogre
   334 | D        | Reached XP level 8. HP: 102/102 MP: 8/8
   338 | D        | Killed a two-headed ogre
   346 | D        | Killed a troll
   347 | D        | Reached skill level 15 in Fighting
   347 | D        | Reached skill level 15 in Maces & Flails
   347 | D        | Reached XP level 9. HP: 63/115 MP: 9/9
   369 | D        | Noticed a centaur warrior
   369 | D        | Noticed a brown ugly thing
   369 | D        | Noticed a boulder beetle
   369 | D        | Noticed a tengu conjurer
   384 | D        | Killed a tengu conjurer
   462 | D        | Killed a brown ugly thing
   479 | D        | Slain by a centaur warrior

Illustrated notes

Levels and vault maps discovered:
D:        linesprint [early_d, line_temple, items_1, d_10, items_2, lair_1,
          lair_end, items_3, orc_1, orc_end, items_4, d_15, swamp_1, shoals_1,
          snake_1, spider_1, d_20, vaults_1, items_5, swamp_end, shoals_end,
          snake_end, spider_end, vaults_end, d_27, items_6, zot_1, zot_end,
          crypt_end, forest_end, elf_end, slime_end, tomb_end, abyss_end,
          pan_hell_end]

Skill      XL: |  1  2  3  4  5  6  7  8  9 |
---------------+----------------------------+-----
Fighting       | 4 7 8 11 13 15 16 | 16.5
Maces & Flails | 4 7 8 11 13 15 16 | 16.5
Throwing       | |  2.0
Dodging        | |  2.6

Action                     |  1- 3 |  4- 6 |  7- 9 || total
---------------------------+-------+-------+-------++-------
  Melee: Flail             |    23 |    10 |       ||    33
         Dire flail        |       |    14 |    55 ||    69
         Punch             |       |     1 |       ||     1
  Throw: Throwing net      |       |       |     3 ||     3
 Invoke: Potion Petition   |       |       |     1 ||     1
  Evoke: Wand              |       |       |     3 ||     3
    Use: Potion            |     1 |     1 |     2 ||     4
   Stab: Distracted        |       |       |     2 ||     2
         Held in net/web   |       |       |     2 ||     2
 Armour: Robe              |     5 |     4 |    15 ||    24
  Dodge: Dodged            |    15 |     6 |     9 ||    30

Table legend: (Time is in decaauts)
 A = Elapsed time spent in this place.
 B = Non-inter-level travel time spent in this place.
 C = Inter-level travel time spent in this place.
 D = Time resting spent in this place.
 E = Time spent auto-exploring this place.
 F = Levels seen in this place.
 G = Mean time per level.
                   A        B        C        D        E       F      G
               +--------+--------+--------+--------+--------+-----+--------+
         Total |    447 |    447 |      0 |    267 |      0 |   1 |  447.0 |
       Dungeon |    447 |    447 |      0 |    267 |      0 |   1 |  447.0 |
               +--------+--------+--------+--------+--------+-----+--------+

Top non-repeatable levels by time:
       D: 447 daAuts
